 Dungeon Crawl Stone Soup version 0.20.0 (webtiles) character file.

87298 edsrzf the Unseen (level 15, -5/76 HPs)
             Began as a Felid Necromancer on May 29, 2017.
             Was the Champion of Cheibriados.
             Slain by an eight-headed hydra (15 damage)
             ... on level 3 of the Swamp on May 30, 2017.
             The game lasted 02:28:18 (38667 turns).

edsrzf the Unseen (Felid Necromancer)              Turns: 38667, Time: 02:28:20

Health: -5/76      AC:  3    Str: 19    XL:     15   Next: 43%
Magic:  20/31      EV: 34    Int: 38    God:    Cheibriados [******]
Gold:   1856       SH:  5    Dex: 34    Spells: 9/36 levels left
                                        Lives:  0   Deaths: 4

rFire    . . .     SeeInvis +     - Unarmed
rCold    + . .     Gourm    .   (shield unavailable)
rNeg     . . .     Faith    .   (armour unavailable)
rPois    +         Spirit   .   (helmet unavailable)
rElec    +         Reflect  +   (cloak unavailable)
rCorr    .         Harm     .   (gloves unavailable)
MR       +++..                  (boots unavailable)
Stlth    +++++++...             t - amulet "Lufikhah" {Reflect rElec MR+ SH+5}
Regen    0.3/turn               F - ring of wizardry
MPRegen  0.3/turn               J - ring of poison resistance

@: flying, very slow
A: no armour, no weapons or thrown items, stealth, claws 1, fangs 3, see
invisible, agile 1, blink, carnivore 3, speed 1, shaggy fur 3, slow metabolism
1, sharp paws
a: Blink, Bend Time, Temporal Distortion, Slouch, Step From Time, Renounce
Religion


You were on level 3 of the Swamp.
You worshipped Cheibriados.
Cheibriados was exalted by your worship.
You were completely stuffed.

You visited 4 branches of the dungeon, and saw 26 of its levels.
You also visited: Ossuary and Ice Cave.

You collected 2701 gold pieces.
You spent 845 gold pieces at shops.

Inventory:

Jewellery
 q - an uncursed ring of ice
 t - the amulet "Lufikhah" (around neck) {Reflect rElec MR+ SH+5}
   (You acquired it on level 4 of the Lair of Beasts)

   [amulet of reflection]

   It shields you and reflects attacks.
   It insulates you from electricity.
   It affects your resistance to hostile enchantments.
   It affects your SH (+5).
 y - an uncursed ring of flight
 E - an uncursed ring of protection from magic
 F - a ring of wizardry (left paw)
 I - an uncursed ring of protection from magic
 J - a ring of poison resistance (right paw)
 T - an uncursed ring of positive energy
 V - an uncursed ring of ice
 W - an uncursed ring of resist corrosion
Wands
 e - a wand of disintegration (20/24)
 n - a wand of iceblast (7/15)
 r - a wand of lightning (7/15)
 s - a wand of lightning (5/15)
 A - a wand of digging (10/24)
 C - a wand of scattershot (2/9)
 M - a wand of digging (11/24)
 O - a wand of lightning (7/15)
 Q - a wand of disintegration (5/24)
 R - a wand of acid (1/15)
 U - a wand of iceblast (6/15)
Scrolls
 c - 3 scrolls of amnesia
 f - 15 scrolls of remove curse {@r2}
 m - 3 scrolls of teleportation {@r3}
 o - a scroll of magic mapping
 z - 5 scrolls of recharging {@r4}
 P - 2 scrolls of holy word
 S - 8 scrolls of identify {@r1}
 Y - a scroll of summoning
Potions
 g - a potion of agility
 h - 3 potions of mutation {!q}
 i - 4 potions of lignification
 k - 5 potions of brilliance
 l - 3 potions of curing
 u - 2 potions of flight
 v - 2 potions of resistance
 w - a potion of heal wounds
 x - 2 potions of magic
 B - 2 potions of might
 D - a potion of ambrosia
 G - a potion of invisibility
 Z - a potion of cancellation
Books
 a - a book of Necromancy
 p - a book of Cantrips
 K - a book of Party Tricks
 L - a book of Changes
 N - a book of Misfortune
 X - Xickiuh's Handbook of Combat Magic and Summoning
   (You found it in an ice cave)

   Spells                             Type                      Level
   a - Shock                          Conjuration/Air              1
   b - Fireball                       Conjuration/Fire             5
   c - Malign Gateway                 Summoning/Translocation      7
Miscellaneous
 d - 2 phantom mirrors
 H - a sack of spiders
Comestibles
 b - 17 meat rations
 j - 21 royal jellies


   Skills:
 + Level 14.9 Fighting
 - Level 12.0 Dodging
 - Level 16.0 Stealth
 + Level 15.1 Unarmed Combat
 - Level 11.0 Spellcasting
 - Level 10.2 Hexes
 - Level 5.8 Necromancy
 + Level 2.0 Translocations
 + Level 8.4 Invocations


You had 9 spell levels left.
You knew the following spells:

 Your Spells              Type           Power        Failure   Level  Hunger
a - Control Undead        Necr           ######....   1%          4    None
b - Confusing Touch       Hex            ######       1%          1    None
c - Confuse               Hex            #######.     1%          3    None
d - Tukima's Dance        Hex            #######.     1%          3    None
e - Lesser Beckoning      Tloc           #####.....   1%          3    None
r - Regeneration          Chrm/Necr      #####.....   1%          3    None
u - Summon Butterflies    Summ           ###.....     1%          1    None
v - Vampiric Draining     Necr           ######....   1%          3    None
I - Invisibility          Hex            #######.     1%          6    ####...


Dungeon Overview and Level Annotations

Branches:
Dungeon (15/15)            Temple (0/1) D:7            Lair (6/6) D:8
  Swamp (3/4) Lair:4        Snake (0/4) Lair:3        Slime (0/5) Lair:5
    Orc (2/2) D:9             Elf (0/3) Orc:2        Vaults (0/5) D:14
 Depths (0/5) D:15

Altars:
Ashenzari
Cheibriados
Gozag
Okawaru
Ru
Trog
Uskayaw
Vehumet
Zin
Jiyva

Shops:
D:8 *   D:9 }   D:11 }!!   D:12 %   D:13 [   D:15 ?   Orc:2 (=(*

Portals:
Trove: D:14 (give 17 potions of curing)

Annotations:
D:3 Sigmund
D:4 alcopop's ghost, amateur HOMo
Swamp:1 exclusion: Roxanne, Roxanne


Innate Abilities, Weirdness & Mutations

You cannot wear armour.
You are incapable of wielding weapons or throwing items.
Your paws allow you to move quietly. (Stealth)
You have sharp claws.
You have razor-sharp teeth.
You have supernaturally acute eyesight. (SInv)
You are carnivorous and can eat meat at any time.
You cover ground quickly.
Your thick and shaggy fur keeps you warm. (AC +3, rC+)
You have a slow metabolism.
Your sharp claws are effective at attacking unaware monsters.
You are agile. (Dex +2)
You can translocate small distances at will.


Message History

Why would you want to do that?
The swamp drake breathes noxious fumes at you.
The noxious blast misses you. The swamp drake completely misses you.
You scratch the swamp drake.
The swamp drake is lightly wounded.
The swamp drake closely misses you.
You scratch the swamp drake. You claw the swamp drake.
The swamp drake is moderately wounded.
The swamp drake misses you.
You mangle the swamp drake!!
You kill the swamp drake!
Cheibriados thoroughly appreciates the change of pace.
You see here a swamp drake corpse.
A tyrant leech comes into view.
A tyrant leech is nearby!
You catch the helpless tyrant leech completely off-guard!
You eviscerate the tyrant leech!!! Your claw misses the tyrant leech.
You bite the tyrant leech.
The tyrant leech is almost dead.
You closely miss the tyrant leech. You claw the tyrant leech.
You kill the tyrant leech!
Cheibriados appreciates the change of pace.
You enter the shallow water.
Moving in this stuff is going to be slow.
You see here a tyrant leech corpse.
Found a ring mail.
A spriggan rider comes into view. It is wielding a spear.
You enter the shallow water.
Moving in this stuff is going to be slow.
Found a stone staircase leading up.
Why would you want to do that?
An eight-headed hydra comes into view.
Found a potion of flight.
There is a stone staircase leading up here.
You feel very buoyant.
You fly up into the air.
Unknown command.
The eight-headed hydra roars!
The eight-headed hydra completely misses you. x2
The eight-headed hydra bites you but does no damage.
The eight-headed hydra bites you. The eight-headed hydra misses you.
The eight-headed hydra completely misses you.
The eight-headed hydra bites you. The eight-headed hydra bites you! x2
The eight-headed hydra closely misses you.
The eight-headed hydra completely misses you. x2
You block the eight-headed hydra's attack.
The eight-headed hydra completely misses you. x3
Casting: Confuse
Confirm with . or Enter, or press ? or * to list all spells.
Aiming: Confuse
Press: ? - help, Shift-Dir - straight line, f - eight-headed hydra
Aim: an eight-headed hydra (thin mist, chance to defeat MR: 50%)
The eight-headed hydra resists with significant effort.
The eight-headed hydra completely misses you.
You block the eight-headed hydra's attack.
The eight-headed hydra closely misses you.
The eight-headed hydra completely misses you. x2
The eight-headed hydra bites you but does no damage.
The eight-headed hydra completely misses you.
The eight-headed hydra bites you.
Casting: Confuse
Confirm with . or Enter, or press ? or * to list all spells.
Aiming: Confuse
Press: ? - help, Shift-Dir - straight line, f/p - eight-headed hydra
Aim: an eight-headed hydra (chance to defeat MR: 50%)
The eight-headed hydra resists with significant effort.
The eight-headed hydra completely misses you.
The eight-headed hydra bites you!
You block the eight-headed hydra's attack.
The eight-headed hydra misses you.
The eight-headed hydra completely misses you. x2
The eight-headed hydra barely misses you.
The eight-headed hydra bites you!
Casting: Confuse
Confirm with . or Enter, or press ? or * to list all spells.
Aiming: Confuse
Press: ? - help, Shift-Dir - straight line, f/p - eight-headed hydra
Aim: an eight-headed hydra (chance to defeat MR: 50%)
The eight-headed hydra resists with significant effort.
The eight-headed hydra completely misses you.
The eight-headed hydra bites you.
The eight-headed hydra closely misses you.
The eight-headed hydra misses you.
The eight-headed hydra completely misses you. x2
The eight-headed hydra misses you.
The eight-headed hydra barely misses you.
Casting: Confuse
Confirm with . or Enter, or press ? or * to list all spells.
Aiming: Confuse
Press: ? - help, Shift-Dir - straight line, f/p - eight-headed hydra
Aim: an eight-headed hydra (chance to defeat MR: 50%)
The eight-headed hydra resists with significant effort.
The eight-headed hydra misses you.
You block the eight-headed hydra's attack.
The eight-headed hydra completely misses you. x2
The eight-headed hydra bites you!
* * * LOW HITPOINT WARNING * * *
The eight-headed hydra bites you!
You die...

.≈ ≈ ♣... ♣≈ ♣..≈♣≈ ..
♣!..≈≈≈ ... ♣≈ ≈.≈.≈≈≈
§..♣♣§♣♣♣♣≈≈≈≈≈≈≈
..≈≈≈≈D.§≈≈≈≈≈.≈.≈i..≈♣
...≈≈≈≈@≈≈≈≈≈≈≈≈≈..♣≈.♣
≈≈....≈.≈.≈≈.≈≈≈≈≈.≈≈.
≈≈≈≈...≈≈<≈≈≈≈≈≈≈≈§≈.♣
..........≈≈≈..≈..≈♣.♣
≈..###...≈..≈♣.≈≈≈≈≈≈♣
.. #...#..≈≈≈≈..≈≈..≈♣
. #....##..§.§≈♣.....♣
#..≈.. #.♣.≈≈≈♣♣.≈♣.♣♣
#..≈.. ♣♣♣♣.≈.♣♣.♣...♣


You could see an eight-headed hydra.

Vanquished Creatures
  Gastronok (D:11)
  A thorn hunter (Swamp:2)
  2 fire giants (D:12)
  An orc warlord (D:12)
  A frost giant (IceCv)
  The ghost of Guenter the Cleaver, a journeyman VSWn of Okawaru (Lair:6)
  Fannar (D:11)
  3 vault guards (D:14)
  14 hydras
  A rakshasa (D:13)
  8 two-headed ogres
  A death knight (D:14)
  An ogre mage (D:15)
  3 alligators (Swamp:1)
  2 death yaks (IceCv)
  4 orc high priests
  2 spriggans (Swamp:1)
  2 deep elf knights (D:12)
  A fire crab (Lair:4)
  3 skeletal warriors (D:14)
  A shambling mangrove (Swamp:1)
  2 wizards (D:15)
  2 swamp dragons
  3 unseen horrors
  2 deep elf archers (D:12)
  8 orc knights
  Pikel (D:6)
  7 orc sorcerers
  3 manticores
  3 cyclopes
  3 ugly things
  19 deep elf magi
  5 centaur zombies
  9 elephants
  6 black mambas
  An ice statue (IceCv)
  A naga mage (D:15)
  27 spiny frogs
  A gargoyle (D:14)
  5 centaur skeletons
  2 kobold demonologists
  4 rime drakes
  9 komodo dragons
  A yaktaur (D:14)
  3 efreet
  3 freezing wraiths (D:14)
  A tengu conjurer (D:14)
  3 meliai (D:12)
  A queen bee (Lair:2)
  A jumping spider (shapeshifter) (D:12)
  9 trolls
  15 polar bears
  7 hornets
  8 dream sheep
  A bog body (Swamp:1)
  31 blink frogs
  9 tyrant leeches
  2 meliai zombies
  14 slime creatures
  13 hippogriffs
  4 wyverns
  A shadow (Swamp:2)
  A water elemental (D:11)
  62 yaks
  2 wraiths
  2 basilisks (D:12)
  A warg (Orc:1)
  24 vampire mosquitoes
  2 nagas (Lair:3)
  A soldier ant (D:10)
  2 acid dragons
  Menkaure (Ossuary)
  4 swamp worms (Swamp:2)
  12 water moccasins
  9 porcupines
  5 sky beasts
  4 slaves (D:5)
  2 phantoms
  3 swamp drakes
  4 ice beasts
  25 orc warriors
  3 black bears
  An eye of draining (D:14)
  9 necrophages
  40 wolves
  9 centaurs
  19 ogres
  4 big kobolds
  25 crocodiles
  37 bullfrogs
  5 scorpions
  35 killer bees
  31 wights
  9 electric eels
  3 howler monkeys
  4 bullfrog zombies
  6 crimson imps
  A jelly (D:9)
  7 hounds
  22 orc priests
  12 worker ants
  27 orc wizards
  An iguana (D:11)
  Terence (D:3)
  3 hound zombies
  2 hound skeletons
  3 mummies
  5 gnolls
  14 adders
  4 shadow imps
  An adder zombie (D:8)
  A worm (D:2)
  6 dart slugs
  4 leopard geckos
  68 orcs
  12 bats
  2 giant cockroaches
  2 gnoll zombies (Ossuary)
  10 goblins
  8 hobgoblins
  14 kobolds
  5 quokkas
  A ball python (D:3)
  3 frilled lizards
  3 gnoll skeletons (Ossuary)
  5 goblin zombies (Ossuary)
  3 hobgoblin skeletons (Ossuary)
  3 hobgoblin zombies (Ossuary)
  2 kobold skeletons (Ossuary)
  2 kobold zombies (Ossuary)
  An orc skeleton (Ossuary)
  2 orc zombies (Ossuary)
  2 quokka skeletons
  4 rats
  2 rat zombies (Ossuary)
  2 fungi (Lair:6)
980 creatures vanquished.

Vanquished Creatures (collateral kills)
  A vault guard (D:14)
  A death knight (D:15)
  2 skeletal warriors (D:14)
  2 orc warriors
  An ogre (D:15)
  A necrophage (D:7)
  2 wights
  An orc priest (D:7)
  3 orc wizards
  A centaur skeleton (D:4)
  A howler monkey zombie (D:7)
  2 gnolls (D:6)
  3 orcs
21 creatures vanquished.

Vanquished Creatures (others)
  4 dancing weapons
  An orc sorcerer (Orc:2)
  An orc warrior (Orc:2)
  A mummy (Ossuary)
  2 orcs
  A giant cockroach (D:3)
  A gnoll zombie (Ossuary)
  A quokka (D:3)
  4 gnoll skeletons (Ossuary)
  A goblin skeleton (Ossuary)
  4 goblin zombies (Ossuary)
  A hobgoblin zombie (Ossuary)
  5 kobold skeletons (Ossuary)
  A kobold zombie (Ossuary)
  4 orc skeletons (Ossuary)
  An orc zombie (Ossuary)
  2 rat skeletons (Ossuary)
  A rat zombie (Ossuary)
  33 fungi
  65 plants
134 creatures vanquished.

Grand Total: 1135 creatures vanquished

Notes
Turn   | Place    | Note
-------+----------+-------------------------------------------
     0 | D:1      | edsrzf the Felid Necromancer began the quest for the Orb.
     0 | D:1      | Reached XP level 1. HP: 7/7 MP: 4/4
   369 | D:1      | Reached skill level 3 in Stealth
   742 | D:1      | Reached XP level 2. HP: 11/11 MP: 4/6
  1937 | D:2      | Found a shattered altar of Ashenzari.
  1958 | D:2      | Reached XP level 3. HP: 13/14 MP: 4/7
  1981 | D:2      | Reached skill level 4 in Stealth
  2071 | D:2      | Found an opulent altar of Gozag.
  2074 | D:2      | Found a hide-covered altar of Uskayaw.
  2076 | D:2      | Found a sacrificial altar of Ru.
  2076 | D:2      | Found a bloodstained altar of Trog.
  2077 | D:2      | Found a snail-covered altar of Cheibriados.
  2077 | D:2      | Found an iron altar of Okawaru.
  2085 | D:2      | Became a worshipper of Cheibriados the Contemplative
  2162 | D:2      | Learned a level 3 spell: Vampiric Draining
  2857 | D:3      | Found a radiant altar of Vehumet.
  2999 | D:3      | Reached * piety under Cheibriados
  3041 | D:3      | Noticed Terence
  3074 | D:3      | Killed Terence
  3074 | D:3      | Reached XP level 4. HP: 9/18 MP: 0/8
  3280 | D:3      | Reached skill level 5 in Stealth
  3300 | D:3      | Reached skill level 5 in Necromancy
  3516 | D:3      | Noticed Sigmund
  3821 | D:4      | Noticed alcopop's ghost (amateur HOMo)
  3868 | D:3      | Reached XP level 5. HP: 7/21 MP: 2/10
  4171 | D:3      | Learned a level 4 spell: Control Undead
  4322 | D:4      | Reached skill level 3 in Spellcasting
  4489 | D:4      | Reached skill level 6 in Stealth
  4491 | D:4      | Gained mutation: You are covered in thick fur. (AC +2) [Felid growth]
  4491 | D:4      | Reached XP level 6. HP: 19/24 MP: 4/11
  4801 | D:4      | Identified 7 scrolls of identify
  4801 | D:4      | Identified 3 potions of mutation
  4802 | D:4      | Identified 5 scrolls of teleportation
  4856 | D:4      | Gained mutation: You are resistant to electric shocks. (rElec) [potion of mutation]
  4856 | D:4      | Gained mutation: You passively map a small area around you. [potion of mutation]
  5085 | D:4      | Identified a potion of lignification
  5100 | D:5      | Entered Level 5 of the Dungeon
  5304 | D:5      | Found a sand-covered staircase.
  5308 | Ossuary  | Entered an ossuary
  5500 | Ossuary  | Reached ** piety under Cheibriados
  6011 | Ossuary  | Noticed Menkaure
  6025 | Ossuary  | HP: 1/37 [Menkaure (3)]
  6026 | Ossuary  | Killed Menkaure
  6026 | Ossuary  | Reached skill level 1 in Fighting
  6026 | Ossuary  | Reached skill level 1 in Unarmed Combat
  6026 | Ossuary  | Reached XP level 7. HP: 2/28 MP: 5/13
  6662 | Ossuary  | Identified 2 potions of curing
  6663 | Ossuary  | Identified 2 potions of heal wounds
  6664 | Ossuary  | Identified a potion of berserk rage
  6665 | Ossuary  | Identified 3 potions of resistance
  6705 | D:5      | Identified a potion of haste
  6741 | D:5      | Noticed Pikel
  6851 | D:5      | Found a bloodstained altar of Trog.
  6923 | D:5      | Reached skill level 2 in Fighting
  6923 | D:5      | Reached skill level 2 in Unarmed Combat
  7286 | D:5      | Reached *** piety under Cheibriados
  7639 | D:5      | Reached skill level 3 in Fighting
  7639 | D:5      | Reached skill level 3 in Unarmed Combat
  8461 | D:6      | Killed Pikel
  8461 | D:6      | Reached skill level 5 in Fighting
  8461 | D:6      | Reached skill level 5 in Unarmed Combat
  8461 | D:6      | Reached XP level 8. HP: 4/37 MP: 0/14
  8692 | D:6      | Reached **** piety under Cheibriados
  8854 | D:6      | Reached skill level 6 in Unarmed Combat
  9053 | D:6      | Reached skill level 6 in Fighting
  9137 | D:6      | Identified 2 potions of flight
  9366 | D:6      | Reached XP level 9. HP: 29/42 MP: 7/15
  9379 | D:6      | Reached skill level 3 in Dodging
  9501 | D:6      | Learned a level 1 spell: Confusing Touch
  9505 | D:6      | Learned a level 3 spell: Regeneration
  9621 | D:6      | Found a snail-covered altar of Cheibriados.
  9670 | D:7      | Found a glowing silver altar of Zin.
  9977 | D:7      | Reached skill level 4 in Dodging
  9977 | D:7      | Reached skill level 7 in Unarmed Combat
 10051 | D:7      | Reached skill level 1 in Hexes
 10220 | D:7      | Reached skill level 7 in Fighting
 10261 | D:7      | Identified a potion of magic
 10543 | D:7      | Reached ***** piety under Cheibriados
 10543 | D:7      | Reached skill level 2 in Hexes
 10565 | D:7      | Reached skill level 3 in Hexes
 10824 | D:7      | Reached skill level 4 in Hexes
 10884 | D:7      | Reached skill level 8 in Unarmed Combat
 10884 | D:7      | Reached skill level 5 in Hexes
 11055 | D:7      | Found a staircase to the Ecumenical Temple.
 11220 | D:7      | Reached skill level 8 in Fighting
 11389 | D:8      | Identified a potion of degeneration
 11429 | D:8      | Noticed a troll
 11454 | D:8      | Mangled by a troll
 11455 | D:8      | Reached XP level 8. HP: -6/40 MP: 14/14
 11468 | D:8      | Reached XP level 9. HP: 32/44 MP: 15/15
 11511 | D:8      | Killed a troll
 11511 | D:8      | Reached skill level 6 in Hexes
 11535 | D:8      | Found a staircase to the Lair.
 12219 | D:8      | Reached ****** piety under Cheibriados
 12364 | D:8      | Reached skill level 4 in Spellcasting
 12478 | D:8      | Found Tucs's General Store.
 12486 | D:8      | Bought a scroll of recharging for 114 gold pieces
 12486 | D:8      | Bought a potion of might for 48 gold pieces
 12539 | D:8      | Noticed a two-headed ogre
 12541 | D:8      | Killed a two-headed ogre
 12541 | D:8      | Reached skill level 9 in Unarmed Combat
 12671 | D:8      | Reached skill level 9 in Fighting
 12671 | D:8      | Reached XP level 10. HP: 49/49 MP: 16/18
 12786 | D:8      | Identified a potion of ambrosia
 12983 | D:9      | Reached skill level 7 in Stealth
 13009 | D:9      | Reached skill level 5 in Spellcasting
 13337 | D:9      | Found Ucytaa's Gadget Shop.
 13418 | D:9      | Noticed a two-headed ogre
 13435 | D:9      | Killed a two-headed ogre
 13435 | D:9      | Reached skill level 8 in Stealth
 14182 | D:9      | Noticed a two-headed ogre
 14285 | D:9      | Found a staircase to the Orcish Mines.
 14520 | D:10     | Entered Level 10 of the Dungeon
 14623 | D:10     | Identified 8 scrolls of remove curse
 14624 | D:10     | Identified 4 scrolls of noise
 14711 | D:10     | Slain by a wight
 14712 | D:10     | Reached XP level 9. HP: -3/45 MP: 13/18
 14820 | D:10     | Reached skill level 9 in Stealth
 14824 | D:10     | Reached skill level 10 in Unarmed Combat
 14824 | D:10     | Reached skill level 6 in Spellcasting
 14828 | D:10     | Noticed a two-headed ogre
 14830 | D:10     | Killed a two-headed ogre
 14830 | D:10     | Reached skill level 1 in Invocations
 14830 | D:10     | Reached XP level 10. HP: 49/49 MP: 20/20
 15026 | D:10     | Reached skill level 2 in Invocations
 15057 | D:10     | Noticed an unseen horror
 15069 | D:10     | Killed an unseen horror
 15512 | D:11     | Reached skill level 3 in Invocations
 15567 | D:11     | Reached skill level 10 in Stealth
 15873 | D:11     | Reached skill level 7 in Spellcasting
 16017 | D:11     | Noticed Gastronok
 16021 | D:11     | Found Waqih's Distillery.
 16030 | D:11     | Bought a potion of invisibility for 120 gold pieces
 16030 | D:11     | Bought a potion of heal wounds for 75 gold pieces
 16055 | D:11     | Noticed Fannar
 16105 | D:11     | Found Zudita's Distillery.
 16113 | D:11     | Bought a potion of invisibility for 104 gold pieces
 16113 | D:11     | Bought a potion of lignification for 39 gold pieces
 16113 | D:11     | Bought a potion of heal wounds for 65 gold pieces
 16214 | D:11     | Found Mutyguno's Gadget Emporium.
 16325 | Lair:1   | Entered Level 1 of the Lair of Beasts
 16380 | Lair:1   | Noticed a six-headed hydra
 16534 | Lair:1   | Killed a six-headed hydra
 16534 | Lair:1   | Reached skill level 4 in Invocations
 16534 | Lair:1   | Reached XP level 11. HP: 27/53 MP: 17/23
 16546 | Lair:1   | HP: 2/53 [porcupine (14)]
 16628 | Lair:1   | Learned a level 6 spell: Invisibility
 16835 | Lair:1   | Reached skill level 7 in Hexes
 16850 | Lair:1   | Noticed an eight-headed hydra
 16928 | Lair:1   | Reached skill level 8 in Hexes
 17068 | Lair:1   | Learned a level 1 spell: Summon Butterflies
 17072 | Lair:1   | Learned a level 3 spell: Tukima's Dance
 17560 | Lair:1   | Reached skill level 9 in Hexes
 17688 | Lair:1   | Killed an eight-headed hydra
 17806 | Lair:1   | Reached skill level 10 in Hexes
 18300 | Lair:2   | Reached skill level 5 in Dodging
 18326 | Lair:2   | Learned a level 3 spell: Confuse
 18395 | Lair:2   | Reached skill level 5 in Invocations
 18754 | Lair:2   | Reached skill level 8 in Spellcasting
 18763 | Lair:2   | Reached skill level 6 in Dodging
 19504 | Lair:2   | Gained mutation: Your thick and shaggy fur keeps you warm. (AC +3, rC+) [Felid growth]
 19504 | Lair:2   | Reached XP level 12. HP: 55/57 MP: 19/25
 19600 | Lair:2   | Reached skill level 7 in Dodging
 19600 | Lair:2   | Reached skill level 6 in Invocations
 20132 | Lair:3   | Found a staircase to the Snake Pit.
 20135 | Lair:3   | Reached skill level 8 in Dodging
 20513 | Lair:3   | Reached skill level 9 in Spellcasting
 20783 | Lair:3   | Reached skill level 7 in Invocations
 21097 | Lair:4   | Identified a scroll of fear
 21098 | Lair:4   | Identified a scroll of holy word
 21099 | Lair:4   | Identified 3 scrolls of amnesia
 21100 | Lair:4   | Identified a scroll of enchant weapon
 21101 | Lair:4   | Identified a scroll of vulnerability
 21103 | Lair:4   | Identified a scroll of acquirement
 21106 | Lair:4   | Got a coiled sapphire amulet
 21107 | Lair:4   | Identified the amulet "Lufikhah" {Reflect rElec MR+ SH+5} (You acquired it on level 4 of the Lair of Beasts)
 21138 | Lair:4   | Reached skill level 9 in Dodging
 21628 | Lair:4   | Found a staircase to the Swamp.
 22080 | Lair:4   | Learned a level 3 spell: Lesser Beckoning
 22783 | Lair:5   | Reached skill level 8 in Invocations
 22788 | Lair:5   | Reached skill level 10 in Dodging
 22799 | Lair:5   | Found a staircase to the Slime Pits.
 22800 | Lair:5   | Found a viscous altar of Jiyva.
 22921 | Lair:5   | Reached XP level 13. HP: 60/60 MP: 24/27
 23266 | Lair:6   | Entered Level 6 of the Lair of Beasts
 23315 | Lair:5   | Reached skill level 10 in Spellcasting
 23655 | Lair:6   | Noticed Guenter's ghost (journeyman VSWn)
 23670 | Lair:6   | Killed Guenter's ghost
 24034 | Lair:6   | Reached skill level 10 in Fighting
 24307 | Lair:6   | Reached skill level 11 in Unarmed Combat
 24424 | Lair:6   | Gained mutation: You occasionally shout uncontrollably at your foes. [mutagenic glow]
 24425 | Lair:6   | Lost mutation: You are resistant to electric shocks. (rElec) [potion of mutation]
 24425 | Lair:6   | Lost mutation: You passively map a small area around you. [potion of mutation]
 24425 | Lair:6   | Gained mutation: You are frail. (-10% HP) [potion of mutation]
 24425 | Lair:6   | Lost mutation: You are frail. (-10% HP) [potion of mutation]
 24426 | Lair:6   | Lost mutation: You occasionally shout uncontrollably at your foes. [potion of mutation]
 24426 | Lair:6   | Gained mutation: You are agile. (Dex +2) [potion of mutation]
 24426 | Lair:6   | Gained mutation: You can translocate small distances at will. [potion of mutation]
 25070 | Lair:6   | Reached skill level 11 in Spellcasting
 25283 | Lair:6   | Reached skill level 11 in Stealth
 25286 | Lair:6   | Reached XP level 14. HP: 64/66 MP: 25/30
 25313 | Lair:6   | Reached skill level 11 in Fighting
 25438 | Lair:6   | HP: 4/100 [black mamba (2)]
 25464 | Lair:6   | Identified 3 scrolls of blinking
 26325 | Orc:1    | Entered Level 1 of the Orcish Mines
 26409 | Orc:2    | Entered Level 2 of the Orcish Mines
 26410 | Orc:2    | Identified 2 scrolls of immolation
 26411 | Orc:2    | Identified 2 scrolls of magic mapping
 26423 | Orc:2    | Found Fucolyics's Weapon Shop.
 26423 | Orc:2    | Found Goutut's Weapon Emporium.
 26424 | Orc:2    | Found Emoosily's Jewellery Shop.
 26436 | Orc:2    | Found Sudass's General Store.
 26546 | Orc:2    | Found a staircase to the Elven Halls.
 26571 | Orc:2    | Reached skill level 12 in Unarmed Combat
 26606 | Orc:2    | Reached skill level 12 in Stealth
 26615 | Orc:2    | Found a frozen archway.
 26627 | IceCv    | Entered an ice cave
 27548 | IceCv    | Noticed a frost giant
 27562 | IceCv    | HP: 2/68 [frost giant/battleaxe of freezing (26)]
 27562 | IceCv    | Slain by a frost giant
 27563 | IceCv    | Reached XP level 13. HP: -2/64 MP: 20/29
 27698 | IceCv    | Killed a frost giant
 27698 | IceCv    | Reached skill level 12 in Fighting
 27698 | IceCv    | Reached skill level 13 in Stealth
 27730 | IceCv    | Identified Xickiuh's Handbook of Combat Magic and Summoning
 29085 | Orc:2    | Reached XP level 14. HP: 48/69 MP: 13/30
 29899 | D:11     | Reached skill level 13 in Unarmed Combat
 29932 | D:11     | Killed Gastronok
 29987 | D:11     | Killed Fannar
 29987 | D:11     | Reached skill level 14 in Stealth
 29990 | D:11     | Identified a potion of agility
 29991 | D:11     | Identified 2 scrolls of brand weapon
 29992 | D:11     | Identified a scroll of summoning
 29993 | D:11     | Identified a scroll of random uselessness
 29994 | D:11     | Identified 2 scrolls of enchant armour
 30192 | D:12     | Found a runed door.
 30193 | D:12     | Noticed a fire giant
 30557 | D:12     | Noticed an orc warlord
 30565 | D:12     | Noticed a fire giant
 30604 | D:12     | Killed a fire giant
 30611 | D:12     | Killed a fire giant
 30620 | D:12     | Killed an orc warlord
 30918 | D:12     | Found Datadgh's Food Boutique.
 31107 | D:12     | Reached skill level 13 in Fighting
 31285 | D:12     | Reached skill level 15 in Stealth
 32258 | D:12     | Mangled by a meliai
 32259 | D:12     | Reached XP level 13. HP: -7/66 MP: 25/29
 32532 | D:13     | Identified 2 potions of brilliance
 32797 | D:13     | Reached XP level 14. HP: 43/70 MP: 15/30
 32982 | D:13     | Found Yvaxuq's Antique Armour Shop.
 33117 | D:13     | Reached skill level 14 in Unarmed Combat
 33946 | D:14     | Reached skill level 16 in Stealth
 34139 | D:14     | Found a portal to a secret trove of treasure.
 34442 | D:14     | Found a gate to the Vaults.
 34726 | D:14     | Reached skill level 14 in Fighting
 34984 | D:15     | Entered Level 15 of the Dungeon
 35187 | D:15     | Found Qixailup's Magic Scroll Shop.
 35589 | D:15     | Reached skill level 11 in Dodging
 35811 | D:15     | Found a staircase to the Depths.
 36193 | Orc:2    | Bought an uncursed ring of poison resistance for 280 gold pieces
 36424 | Swamp:1  | Entered Level 1 of the Swamp
 36513 | Swamp:1  | Identified a potion of cancellation
 36604 | Swamp:1  | Reached XP level 15. HP: 42/76 MP: 24/31
 36834 | Swamp:1  | Noticed Roxanne
 37035 | Swamp:1  | HP: 2/76 [spriggan rider/spear (19)]
 37809 | Swamp:2  | Reached skill level 15 in Unarmed Combat
 37978 | Swamp:2  | Reached skill level 12 in Dodging
 38410 | Swamp:2  | Reached skill level 1 in Translocations
 38455 | Swamp:2  | Noticed a thorn hunter
 38464 | Swamp:2  | Killed a thorn hunter
 38587 | Swamp:2  | Reached skill level 2 in Translocations
 38667 | Swamp:3  | Slain by an eight-headed hydra

Skill      XL: |  1  2  3  4  5  6  7  8  9 10 11 12 13 14 15 |
---------------+----------------------------------------------+-----
Stealth        | 3 4 5 6 9 10 13 16 | 16.0
Necromancy     | 5 |  5.8
Spellcasting   | 3 6 7 8 9 11 | 11.0
Fighting       | 1 5 6 9 12 14 | 14.9
Unarmed Combat | 1 5 6 10 11 14 15 | 15.1
Dodging        | 4 6 10 11 12 | 12.0
Hexes          | 6 10 | 10.2
Invocations    | 1 4 5 8 |  8.4
Translocations | 2 |  2.0

Action                   |  1- 3 |  4- 6 |  7- 9 | 10-12 | 13-15 || total
-------------------------+-------+-------+-------+-------+-------++-------
Melee: Unarmed           |       |   112 |   331 |   652 |  1471 ||  2566
       Bite              |       |    15 |    59 |   140 |   312 ||   526
       Punch             |       |       |    17 |    59 |   173 ||   249
 Cast: Pain              |    78 |    56 |   115 |    42 |       ||   291
       Vampiric Draining |     1 |     8 |    31 |    28 |     5 ||    73
       Control Undead    |       |     5 |    11 |     3 |       ||    19
       Confusing Touch   |       |       |    18 |    37 |       ||    55
       Regeneration      |       |       |       |     1 |     2 ||     3
       Invisibility      |       |       |       |     9 |    22 ||    31
       Confuse           |       |       |       |    16 |   169 ||   185
       Tukima's Dance    |       |       |       |       |    17 ||    17
       Lesser Beckoning  |       |       |       |       |     1 ||     1
       Summon Butterflie |       |       |       |       |     5 ||     5
Invok: Slouch            |       |       |       |       |     5 ||     5
       Step From Time    |       |       |       |       |     1 ||     1
       Temporal Distorti |       |       |       |       |     1 ||     1
Evoke: Wand              |       |       |     4 |       |     1 ||     5
  Use: Scroll            |       |     3 |     8 |    16 |    25 ||    52
       Potion            |       |     2 |     5 |     3 |    16 ||    26
 Stab: Sleeping          |       |     2 |    10 |    34 |    53 ||    99
       Distracted        |       |     2 |     2 |     5 |    22 ||    31
       Confused          |       |       |    13 |    36 |    90 ||   139
       Invisible         |       |       |       |    33 |    94 ||   127
  Eat: Chunk             |    12 |     3 |    22 |    19 |    40 ||    96
Armor: Skin              |     2 |     9 |     8 |    28 |    37 ||    84
Dodge: Dodged            |     8 |    73 |   265 |   480 |  1401 ||  2227
Block: Other             |       |       |       |    21 |   237 ||   258
       Reflection        |       |       |       |       |     5 ||     5
